 Dungeon Crawl Stone Soup version 0.29.1-1-gd02db6906a (webtiles) character file.

Game seed: 4531849807832042737

5 Aibolit the Ducker (level 1, 0/17 HPs)
             Began as a Gnoll Wanderer on Sept 24, 2022.
             Killed from afar by a dart slug (3 damage)
             ... with a slug dart
             ... on level 1 of the Dungeon.
             The game lasted 00:01:08 (143 turns).

Aibolit the Ducker (Gnoll Wanderer)                  Turns: 143, Time: 00:01:08

Health: 0/17       AC:  4    Str: 11    XL:     1   Next: 80%
Magic:  1/1        EV: 14    Int:  8    God:
Gold:   36         SH:  0    Dex: 14    Spells: 0/0 levels left

rFire   . . .      SeeInvis .   a - +2 sling
rCold   . . .      Faith    .   (no shield)
rNeg    . . .      Spirit   .   e - +0 leather armour
rPois   .          Reflect  .   (no helmet)
rElec   .          Harm     .   c - +0 cloak
rCorr   .          Rampage  .   (no gloves)
Will    .....                   (no boots)
Stlth   ++........              (no amulet)
HPRegen 0.05/turn               (no ring)
MPRegen 0.07/turn               (no ring)

@: no status effects
A: fangs 1, strong nose, distributed training
a: no special abilities


You were on level 1 of the Dungeon.
You visited 1 branch of the dungeon, and saw 1 of its levels.

You collected 36 gold pieces.

Inventory:

Hand Weapons
 a - a +2 sling (weapon)
 b - a +0 short sword
Armour
 c - a +0 cloak (worn)
 e - a +0 leather armour (worn)
Scrolls
 f - a scroll of teleportation {unknown}
Potions
 d - a potion of lignification


   Skills:
 + Level 2.4 Fighting
 + Level 2.4 Short Blades
 + Level 0.1 Long Blades
 + Level 0.1 Axes
 + Level 0.1 Maces & Flails
 + Level 0.1 Polearms
 + Level 0.1 Staves
 + Level 6.4 Ranged Weapons
 + Level 2.4 Throwing
 + Level 0.1 Armour
 + Level 6.4 Dodging
 + Level 2.2 Stealth
 + Level 0.1 Shields
 + Level 0.1 Unarmed Combat
 + Level 0.1 Spellcasting
 + Level 0.1 Conjurations
 + Level 0.1 Hexes
 + Level 0.1 Summonings
 + Level 0.1 Necromancy
 + Level 0.1 Translocations
 + Level 0.1 Transmutations
 + Level 0.1 Fire Magic
 + Level 0.1 Ice Magic
 + Level 0.1 Air Magic
 + Level 0.1 Earth Magic
 + Level 0.1 Poison Magic
 + Level 0.2 Invocations
 + Level 0.1 Evocations


You couldn't memorise any spells.
You didn't know any spells.
Your spell library was empty.

Dungeon Overview and Level Annotations

Branches:
Dungeon (1/15)

Altars:


Innate Abilities, Weirdness & Mutations

You have very sharp teeth.
Your uncanny sense of smell can sniff out nearby items.
Your experience applies equally to all skills.


Message History

You are too injured to fight recklessly!
You are too injured to fight recklessly!
You are too injured to fight recklessly!
You are too injured to fight recklessly!
You are too injured to fight recklessly!
You clumsily bash the kobold but do no damage.
The kobold completely misses you. The dart slug bites you.
The kobold hits you but does no damage.
You clumsily bash the kobold but do no damage.
The dart slug bites you but does no damage.
The kobold hits you with a +0 dagger.
Fire: a) +2 sling
Press: ? - help, Q - select action Shift-Dir - straight line, f/p - kobold
Aim: a kobold, wielding a +0 dagger and wearing a +0 chain mail (63% to hit)
You shoot a sling bullet. The sling bullet hits the kobold.
The kobold is severely wounded.
The dart slug launches a dart at you. The slug dart misses you.
The kobold closely misses you.
Fire: a) +2 sling
Press: ? - help, Q - select action Shift-Dir - straight line, f/p - kobold
Aim: a kobold, wielding a +0 dagger and wearing a +0 chain mail (severely wounded, 63% to hit)
You shoot a sling bullet.
The sling bullet hits the kobold but does no damage.
The kobold is severely wounded.
The kobold hits you but does no damage. The dart slug launches a dart at you.
The slug dart hits you.
* * * LOW HITPOINT WARNING * * *
You barely miss the kobold.
The kobold is severely wounded.
The kobold hits you with a +0 dagger.
* * * LOW HITPOINT WARNING * * *
The dart slug barely misses you. The kobold barely misses you.
You barely miss the kobold. You bite the kobold, but do no damage.
The kobold is severely wounded.
A giant cockroach comes into view.
The kobold closely misses you. The dart slug launches a dart at you.
The slug dart hits you.
You die...

#.......... #.
#....##.... . #.
#....##.... ∆.. #.
#....##.... ... #.
#......#... #.)##.
###....#... #....B#+#
###....#... #....w#.###
#.+........ #...bK@...#
#.#........
|..#######.###.#.[....##
#........).........#
#........†..####...#
#...........# #...#
#.......##### #...#
######### #####


You could see a dart slug, a giant cockroach, a bat and a kobold.

Vanquished Creatures
  2 goblins (D:1)
  A hobgoblin (D:1)
  A ball python (D:1)
  A bat (D:1)
5 creatures vanquished.

Notes
Turn   | Place    | Note
-------+----------+-------------------------------------------
     0 | D:1      | Aibolit the Gnoll Wanderer began the quest for the Orb.
     0 | D:1      | Aibolit set off with the following items: a +2 sling, a +0
                  | short sword, a +0 cloak, a potion of lignification, a +0
                  | leather armour.
     0 | D:1      | Reached XP level 1. HP: 17/17 MP: 1/1
   143 | D:1      | Killed from afar by a dart slug

Illustrated notes

Levels and vault maps discovered:
D:1:      dpeg_arrival_chambers_temple_mockup, layout_basic

Action                   || total
-------------------------++-------
Melee: Sling             ||     9
       Bite              ||     1
 Fire: Sling             ||    18
  Use: Scroll            ||     3
       Potion            ||     1
Armor: Leather armour    ||     9
Dodge: Dodged            ||    23
